 Dungeon Crawl Stone Soup version 0.30-a0-591-g3c58d2bc28 (webtiles) character file.

Game seed: 14561364064242480037

116 gelatine the Magician (level 4, -7/32 HPs)
             Began as a Demonspawn Hedge Wizard on Jan 5, 2023.
             Killed by divine providence
             ... invoked by an orc priest
              (10 damage)
             ... on level 3 of the Dungeon.
             The game lasted 00:04:56 (2009 turns).

gelatine the Magician (Demonspawn Hedge Wizard)     Turns: 2009, Time: 00:04:57

Health: -7/32      AC:  4    Str: 10    XL:     4   Next: 69%
Magic:  9/9        EV: 13    Int: 18    God:
Gold:   85         SH:  9    Dex: 18    Spells: 9/10 levels left

rFire   + . .      SeeInvis .    a - +1 dagger
rCold   + . .      Faith    .    (no shield)
rNeg    . . .      Spirit   .    b - +0 robe
rPois   +          Reflect  +    c - +0 hat
rElec   +          Harm     .    (no cloak)
rCorr   +          Rampage  .    e - +0 pair of gloves
Will    .....                    h - +0 pair of boots
Stlth   ++                       f - amulet of reflection
HPRegen 0.25/turn                n - +6 ring of dexterity
MPRegen 0.11/turn                (no ring)

@: resistant
A: foul stench 1, condensation shield
a: no special abilities


You were on level 3 of the Dungeon.
You visited 1 branch of the dungeon, and saw 3 of its levels.

You collected 105 gold pieces.
You spent 20 gold pieces at shops.

Inventory:

Hand Weapons
 a - a +1 dagger (weapon)
Missiles
 i - 9 poisoned darts
Armour
 b - a +0 robe (worn)
 c - a +0 hat (worn)
 e - a +0 pair of gloves (worn)
 h - a +0 pair of boots (worn)
Jewellery
 f - an amulet of reflection (around neck)
 n - a +6 ring of dexterity (left hand)
Scrolls
 j - 2 scrolls of teleportation
 k - a scroll of enchant weapon
 l - 2 scrolls of magic mapping
Potions
 d - 2 potions of magic
 m - a potion of curing


   Skills:
 * Level 1.0 Fighting
 + Level 0.5 Short Blades
 * Level 2.4 Dodging
 * Level 2.8 Stealth
 + Level 0.1 Shields
 + Level 3.9 Spellcasting
 + Level 1.4 Conjurations
 + Level 1.0 Summonings
 + Level 0.8 Translocations


You had 9 spell levels left.
You knew the following spells:

 Your Spells              Type           Power      Damage    Failure   Level
a - Magic Dart            Conj           32%        1d4       9%          1

Your spell library contained the following spells:

 Spells                   Type           Power      Damage    Failure   Level
 Slow                     Hex            12%        N/A       16%         1
 Blink                    Tloc           12%        N/A       16%         2
 Call Imp                 Summ           7%         N/A       16%         2
 Cigotuvi's Dreadful Rot  Necr/Pois/Air  6%         N/A       22%         2
 Mephitic Cloud           Conj/Pois/Air  5%         N/A       36%         3


Dungeon Overview and Level Annotations

Branches:
Dungeon (3/15)

Altars:

Shops:
D:2 ?


Innate Abilities, Weirdness & Mutations

You may rarely emit foul miasma when damaged in melee.
A meltable shield of frost defends you. (SH +4)


Message History

* * * LOW HITPOINT WARNING * * *
You hit the orc priest but do no damage.
The orc priest is moderately wounded.
The orc priest completely misses you.
You hit the orc priest.
The orc priest is heavily wounded.
The orc priest looks encouraged for a moment.
You hit the orc priest but do no damage.
The orc priest is heavily wounded.
The orc priest hits you with a +0 club.
* * * LOW HITPOINT WARNING * * *
You hit the orc priest.
The orc priest is heavily wounded.
The orc priest hits you but does no damage.
You hit the orc priest but do no damage.
The orc priest is heavily wounded.
The orc priest misses you.
You barely miss the orc priest.
The orc priest is heavily wounded.
The orc priest looks braver for a moment.
It was a potion of resistance.
You feel protected. The orc priest hits you with a +0 club.
* * * LOW HITPOINT WARNING * * *
You emit a cloud of foul miasma!
You hit the orc priest but do no damage.
The orc priest is heavily wounded.
The orc priest is engulfed in dark miasma.
The orc priest is poisoned.
The orc priest seems to slow down.
The orc priest closely misses you.
You hit the orc priest.
The orc priest is severely wounded.
The orc priest is no longer moving slowly.
You hit the orc priest but do no damage.
The orc priest is severely wounded.
The orc priest is engulfed in dark miasma.
The orc priest looks even sicker.
The orc priest seems to slow down.
The orc priest invokes the aid of Beogh against you.
Beogh smites you!
You die...

#.## ... #..####
## ..# ....roo##
##.# #.# #@###.#
##.## .
#))#..#####...##..
#)#.#.......#.....
#.#.#######...#
#.#.# ##.##
+.#.########.#####
+.#..............#
#.##########.###.#
#. #...##.#


You could see an orc priest (very poisoned, slow), an orc and a quokka.

Vanquished Creatures
  An orc priest (D:3)
  A gnoll (D:1)
  3 adders (D:2)
  A worm (D:2)
  A dart slug (D:1)
  2 orcs (D:3)
  3 ball pythons
  A bat (D:1)
  6 endoplasms
  2 giant cockroaches (D:2)
  4 goblins
  4 hobgoblins
  3 frilled lizards
  4 kobolds
  6 rats
42 creatures vanquished.

Notes
Turn   | Place    | Note
-------+----------+-------------------------------------------
     0 | D:1      | gelatine the Demonspawn Hedge Wizard began the quest for
                  | the Orb.
     0 | D:1      | Reached XP level 1. HP: 13/13 MP: 4/4
   377 | D:1      | Gained mutation: You may rarely emit foul miasma when
                  | damaged in melee. [demonic ancestry]
   377 | D:1      | Reached XP level 2. HP: 17/19 MP: 1/6
   692 | D:1      | Gained mutation: A meltable shield of frost defends you.
                  | (SH +4) [demonic ancestry]
   692 | D:1      | Reached XP level 3. HP: 24/24 MP: 0/8
   931 | D:2      | Found Utaha's Magic Scroll Boutique.
   956 | D:2      | Bought a scroll of identify for 20 gold pieces
  1030 | D:2      | Found a faded altar of an unknown god.
  1624 | D:2      | Reached XP level 4. HP: 26/31 MP: 5/9
  1996 | D:3      | Reached skill level 1 in Fighting
  2009 | D:3      | Killed from afar by an orc priest

Illustrated notes

Levels and vault maps discovered:
D:1:      kennysheep_arrival_forest, layout_rooms, minmay_liquid_box
D:2:      layout_rooms, chequers_ecumenical_altar_simple, serial_shops,
          nicolae_shop_statue_plus
D:3:      layout_loops_ring, nicolae_hepliaklqana_monster_ancestors,
          mainiacjoe_overflow_small_starburst, kennysheep_generic_room_6

Skill      XL: |  1  2  3  4 |
---------------+-------------+-----
Stealth        | 2 |  2.8
Dodging        | 2 |  2.4
Fighting       | 1 |  1.0
Short Blades   | |  0.5
Shields        | |  0.1
Spellcasting   | |  3.9
Conjurations   | |  1.4
Summonings     | |  1.0
Translocations | |  0.8

Action                   |  1- 3 |  4- 6 || total
-------------------------+-------+-------++-------
Melee: Dagger            |    72 |    14 ||    86
       Punch             |     1 |       ||     1
 Cast: Magic Dart        |    72 |    10 ||    82
  Use: Scroll            |     4 |       ||     4
       Potion            |       |     1 ||     1
 Stab: Sleeping          |       |     4 ||     4
Armor: Robe              |    17 |     1 ||    18
Dodge: Dodged            |    33 |     3 ||    36
Block: Other             |     9 |     2 ||    11
       Reflection        |       |     1 ||     1

Table legend: (Time is in decaauts)
 A = Elapsed time spent in this place.
 B = Non-inter-level travel time spent in this place.
 C = Inter-level travel time spent in this place.
 D = Time resting spent in this place.
 E = Time spent auto-exploring this place.
 F = Levels seen in this place.
 G = Mean time per level.
                   A        B        C        D        E       F      G
               +--------+--------+--------+--------+--------+-----+--------+
         Total |   2011 |   1939 |     72 |      0 |   1580 |   3 |  670.3 |
       Dungeon |   2011 |   1939 |     72 |      0 |   1580 |   3 |  670.3 |
               +--------+--------+--------+--------+--------+-----+--------+

Top non-repeatable levels by time:
     D:2: 1018 daAuts
     D:1: 877 daAuts
     D:3: 115 daAuts
